PBL
YORK REVOLUTION @ PARIS CUBS
07/21/2049
 
TOP OF THE 1ST
New Jersey Devils batting - Pitching for Detroit Red Wings : RHP Ross Stagg
Pitching: RHP Ross Stagg
Batting: SHB Tyler Maddux 0-0: Swinging Strike
0-1: Ball
1-1: Ball
2-1: Ball
3-1: Ground out 5-3 (Groundball, 56S, EV 85.6 MPH)
Batting: LHB Randolph Brodbeck 0-0: Ball
1-0: Swinging Strike
1-1: Foul Ball, location: 2F
1-2: Fly out, F8 (Flyball, 8LM, EV 83.8 MPH)
Batting: RHB Chris Artz 0-0: Ball
1-0: Ball
2-0: Swinging Strike
2-1: Foul Ball, location: 2F
2-2: Ball
3-2: Foul Ball, location: 2F
3-2: Foul Ball, location: 2F
3-2: Base on Balls
Batting: RHB Jim Freels 0-0: Foul Ball, location: 2F
0-1: Ball
1-1: Foul Ball, location: 2F
1-2: Ball
2-2: Fly out, F5 (Line Drive, 56, EV 65.0 MPH)
Top of the 1st over - 0 runs, 0 hits, 0 errors, 1 left on base; New Jersey 0 - Detroit 0
BOTTOM OF THE 1ST
Detroit Red Wings batting - Pitching for New Jersey Devils : LHP Ronnie Stoll
Pitching: LHP Ronnie Stoll
Batting: RHB Alex Duarte 0-0: Hit by Pitch
Batting: RHB Carlos Avila 0-0: Ball
1-0: Ball
2-0: Foul Ball, location: 2F
2-1: Ball
3-1: Called Strike
3-2: Base on Balls
Alex Duarte to second
Batting: RHB John Barton 0-0: Called Strike
0-1: Ball
1-1: Foul Ball, location: 2F
1-2: Foul Ball, location: 2F
1-2: Ball
2-2: SINGLE (Groundball, 4MD, EV 105.0 MPH)
Alex Duarte to third
Carlos Avila to second
Runner from 3rd tries for Home, throw by CF and OUT! 8-2
Batting: RHB Jorge Lebron 0-0: Ball
1-0: Fly out, F8 (Flyball, 8LXD, EV 108.1 MPH)
Runner from 2nd tags up, SAFE at 3rd, no throw by CF
Batting: RHB António Scarlett 0-0: Ball
1-0: Ball
2-0: Fly out, F6 (Line Drive, 6, EV 66.9 MPH)
Bottom of the 1st over - 0 runs, 1 hit, 0 errors, 2 left on base; New Jersey 0 - Detroit 0
TOP OF THE 2ND
New Jersey Devils batting - Pitching for Detroit Red Wings : RHP Ross Stagg
Batting: RHB Warren Carmichael 0-0: Called Strike
0-1: Ground out 4-3 (Groundball, 4S, EV 81.2 MPH)
Batting: RHB Sergio Andrada 0-0: Foul Ball, location: 2F
0-1: Ball
1-1: Ball
2-1: Ball
3-1: Foul Ball, location: 2F
3-2: Strikes out looking
Batting: RHB Craig Alvarado 0-0: Called Strike
0-1: Ball
1-1: Ball
2-1: Foul Ball, location: 2F
2-2: Fly out, F8 (Flyball, 8RM, EV 83.8 MPH)
Top of the 2nd over - 0 runs, 0 hits, 0 errors, 0 left on base; New Jersey 0 - Detroit 0
BOTTOM OF THE 2ND
Detroit Red Wings batting - Pitching for New Jersey Devils : LHP Ronnie Stoll
Batting: RHB Yankel Pensak 0-0: Called Strike
0-1: Ball
1-1: Ball
2-1: Ground out 3-1 (Groundball, 34S, EV 82.5 MPH)
Batting: LHB Jose Peralez 0-0: Ball
1-0: SINGLE (Flyball, 4D, EV 95.6 MPH)
Batting: LHB Duda Pinho 0-0: Foul Ball, location: 2F
0-1: Swinging Strike
0-2: Ball
1-2: Strikes out swinging
Batting: SHB Franklin Garza 0-0: Ball
1-0: Swinging Strike
1-1: SINGLE (Groundball, 4MD, EV 111.2 MPH)
Jose Peralez to second
Runner from 2nd tries for 3rd, SAFE, throw by CF made to third
Batting: RHB Alex Duarte 0-0: Ball
1-0: Called Strike
1-1: Ball
2-1: Ground out 4-3 (Groundball, 4, EV 83.1 MPH)
Bottom of the 2nd over - 0 runs, 2 hits, 0 errors, 2 left on base; New Jersey 0 - Detroit 0
TOP OF THE 3RD
New Jersey Devils batting - Pitching for Detroit Red Wings : RHP Ross Stagg
Batting: SHB Ernesto Mazas 0-0: SINGLE (Groundball, 25, EV 66.2 MPH) (infield hit)
Batting: RHB Oscar Ramirez 0-0: Ball
1-0: Foul Ball, location: 2F
1-1: Ball
2-1: Fly out, F9 (Flyball, 9, EV 95.6 MPH)
Batting: SHB Tyler Maddux 0-0: Called Strike
0-1: Ball
1-1: Ball
2-1: Swinging Strike
2-2: Ball
3-2: Strikes out swinging
Ernesto Mazas is caught stealing 2nd base 2-6
Batter strikes out.
Top of the 3rd over - 0 runs, 1 hit, 0 errors, 0 left on base; New Jersey 0 - Detroit 0
BOTTOM OF THE 3RD
Detroit Red Wings batting - Pitching for New Jersey Devils : LHP Ronnie Stoll
Batting: RHB Carlos Avila 0-0: Ground out 5-3 (Groundball, 5, EV 80.6 MPH)
Batting: RHB John Barton 0-0: Foul Ball, location: 2F
0-1: Called Strike
0-2: SINGLE (Groundball, 6MD, EV 98.1 MPH)
Batting: RHB Jorge Lebron 0-0: Ground out 5-3 (Groundball, 56S, EV 71.9 MPH)
John Barton to second
Batting: RHB António Scarlett 0-0: Ball
1-0: Fly out, F9 (Flyball, 9S, EV 78.8 MPH)
Bottom of the 3rd over - 0 runs, 1 hit, 0 errors, 1 left on base; New Jersey 0 - Detroit 0
TOP OF THE 4TH
New Jersey Devils batting - Pitching for Detroit Red Wings : RHP Ross Stagg
Batting: LHB Randolph Brodbeck 0-0: Ball
1-0: Ball
2-0: Ball
3-0: Called Strike
3-1: Base on Balls
Batting: RHB Chris Artz 0-0: Ball
1-0: Ball
2-0: Called Strike
2-1: Ball
3-1: Fly out, F8 (Flyball, 8LM, EV 79.4 MPH)
Batting: RHB Jim Freels 0-0: Called Strike
0-1: Swinging Strike
0-2: Ball
1-2: Ball
2-2: Foul Ball, location: 2F
2-2: Foul Ball, location: 2F
2-2: Strikes out swinging
Batting: RHB Warren Carmichael 0-0: Ball
1-0: Swinging Strike
1-1: Ball
2-1: Fly out, F7 (Line Drive, 7S, EV 101.2 MPH)
Top of the 4th over - 0 runs, 0 hits, 0 errors, 1 left on base; New Jersey 0 - Detroit 0
BOTTOM OF THE 4TH
Detroit Red Wings batting - Pitching for New Jersey Devils : LHP Ronnie Stoll
Batting: RHB Yankel Pensak 0-0: Ball
1-0: Ball
2-0: Ground out 6-3 (Groundball, 6M, EV 87.5 MPH)
Pitching: RHP Justin Vallis
Batting: LHB Jose Peralez 0-0: Ball
1-0: Ball
2-0: Fly out, F7 (Flyball, 7, EV 86.9 MPH)
Batting: LHB Duda Pinho 0-0: Fly out, F7 (Flyball, 7, EV 91.9 MPH)
Bottom of the 4th over - 0 runs, 0 hits, 0 errors, 0 left on base; New Jersey 0 - Detroit 0
TOP OF THE 5TH
New Jersey Devils batting - Pitching for Detroit Red Wings : RHP Ross Stagg
Batting: RHB Sergio Andrada 0-0: Ball
1-0: Called Strike
1-1: Called Strike
1-2: Ball
2-2: Ball
3-2: Strikes out looking
Batting: RHB Craig Alvarado 0-0: Called Strike
0-1: Ball
1-1: Foul Ball, location: 2F
1-2: Foul Ball, location: 2F
1-2: Ball
2-2: Ball
3-2: Foul Ball, location: 2F
3-2: Foul Ball, location: 2F
3-2: Strikes out swinging, 2-3 out at first.
Batting: SHB Ernesto Mazas 0-0: Ball
1-0: Ball
2-0: SINGLE (Groundball, 6D, EV 95.6 MPH)
Batting: RHB Oscar Ramirez 0-0: Called Strike
0-1: Ground out 6-3 (Groundball, 6S, EV 61.2 MPH)
Top of the 5th over - 0 runs, 1 hit, 0 errors, 1 left on base; New Jersey 0 - Detroit 0
BOTTOM OF THE 5TH
Detroit Red Wings batting - Pitching for New Jersey Devils : RHP Justin Vallis
Batting: SHB Franklin Garza 0-0: Called Strike
0-1: Ball
1-1: SINGLE (Line Drive, 6MD, EV 102.5 MPH)
Batting: RHB Alex Duarte 0-0: Called Strike
0-1: Called Strike
0-2: Strikes out swinging
Batting: RHB Carlos Avila 0-0: Foul Ball, location: 2F
0-1: Ball
1-1: Swinging Strike
1-2: Strikes out looking
Batting: RHB John Barton 0-0: Called Strike
0-1: Ground out 5-3 (Groundball, 56S, EV 81.9 MPH)
Bottom of the 5th over - 0 runs, 1 hit, 0 errors, 1 left on base; New Jersey 0 - Detroit 0
TOP OF THE 6TH
New Jersey Devils batting - Pitching for Detroit Red Wings : RHP Ross Stagg
Batting: SHB Tyler Maddux 0-0: Ball
1-0: Foul Ball, location: 2F
1-1: Ball
2-1: Ball
3-1: Ground out 6-3 (Groundball, 56, EV 100.6 MPH)
Batting: LHB Randolph Brodbeck 0-0: Ball
1-0: Called Strike
1-1: Ground out U3 (Groundball, 34, EV 86.2 MPH)
Batting: RHB Chris Artz 0-0: SINGLE (Groundball, 4MD, EV 101.9 MPH)
Batting: RHB Jim Freels 0-0: Ball
1-0: Called Strike
1-1: Called Strike
1-2: Foul Ball, location: 2F
1-2: SINGLE (Groundball, 34D, EV 106.9 MPH)
Chris Artz to second
Runner from 2nd tries for 3rd, SAFE, throw by RF made to third
Batting: RHB Warren Carmichael 0-0: SINGLE (Groundball, 4M, EV 99.4 MPH) (infield hit)
Chris Artz scores
Jim Freels to second
Batting: RHB Sergio Andrada 0-0: Ball
1-0: Swinging Strike
1-1: Foul Ball, location: 2F
1-2: Fly out, F8 (Line Drive, 8LM, EV 94.4 MPH)
Top of the 6th over - 1 run, 3 hits, 0 errors, 2 left on base; New Jersey 1 - Detroit 0
BOTTOM OF THE 6TH
Detroit Red Wings batting - Pitching for New Jersey Devils : RHP Justin Vallis
Batting: RHB Jorge Lebron 0-0: Ball
1-0: Ball
2-0: Foul Ball, location: 2F
2-1: Fly out, F9 (Line Drive, 9S, EV 106.2 MPH)
Batting: RHB António Scarlett 0-0: SINGLE (Line Drive, 56D, EV 108.8 MPH)
Batting: RHB Yankel Pensak 0-0: Called Strike
0-1: Swinging Strike
0-2: Ball
1-2: Strikes out swinging
Batting: LHB Jose Peralez 0-0: Fly out, F8 (Flyball, 8LD, EV 88.1 MPH)
Bottom of the 6th over - 0 runs, 1 hit, 0 errors, 1 left on base; New Jersey 1 - Detroit 0
TOP OF THE 7TH
New Jersey Devils batting - Pitching for Detroit Red Wings : RHP Ross Stagg
Pitching: RHP Neel Verhelst
Batting: RHB Craig Alvarado 0-0: SINGLE (Groundball, 56, EV 110.0 MPH)
Batting: SHB Ernesto Mazas 0-0: Called Strike
0-1: Ball
1-1: Swinging Strike
1-2: Foul Ball, location: 2F
1-2: Strikes out swinging
Batting: RHB Oscar Ramirez 0-0: Foul Ball, location: 2F
0-1: Ball
1-1: Ball
2-1: Called Strike
2-2: Fly out, F9 (Flyball, 89M, EV 81.2 MPH)
Batting: SHB Tyler Maddux 0-0: Called Strike
0-1: Ball
1-1: Ball
2-1: Swinging Strike
2-2: Fly out, F7 (Line Drive, 78M, EV 88.1 MPH)
Top of the 7th over - 0 runs, 1 hit, 0 errors, 1 left on base; New Jersey 1 - Detroit 0
BOTTOM OF THE 7TH
Detroit Red Wings batting - Pitching for New Jersey Devils : RHP Justin Vallis
Batting: LHB Duda Pinho 0-0: Ground out 4-3 (Groundball, 4, EV 101.2 MPH)
Batting: SHB Franklin Garza 0-0: Called Strike
0-1: Foul Ball, location: 2F
0-2: Strikes out looking
Pinch Hitting: RHB Dustin Bursell 0-0: Ball
1-0: Ball
2-0: Called Strike
2-1: Called Strike
2-2: Ball
3-2: SINGLE (Line Drive, 7LS, EV 103.8 MPH)
Pinch Hitting: LHB Iestyn Peacock 0-0: Called Strike
0-1: Ball
1-1: Swinging Strike
1-2: Strikes out swinging
Bottom of the 7th over - 0 runs, 1 hit, 0 errors, 1 left on base; New Jersey 1 - Detroit 0
TOP OF THE 8TH
New Jersey Devils batting - Pitching for Detroit Red Wings : RHP Neel Verhelst
Pitching: RHP Ramiro Silva
Now at 2B: Yankel Pensak
Now at 3B: Dustin Bursell
Now at SS: Roderick Speed
Batting: LHB Randolph Brodbeck 0-0: Foul Ball, location: 2F
0-1: Ball
1-1: Swinging Strike
1-2: Ground out 6-3 (Groundball, P, EV 83.1 MPH)
Batting: RHB Chris Artz 0-0: Called Strike
0-1: Ball
1-1: Foul Ball, location: 2F
1-2: Ball
2-2: Strikes out looking
Batting: RHB Jim Freels 0-0: Ball
1-0: Called Strike
1-1: Swinging Strike
1-2: Strikes out swinging
Top of the 8th over - 0 runs, 0 hits, 0 errors, 0 left on base; New Jersey 1 - Detroit 0
BOTTOM OF THE 8TH
Detroit Red Wings batting - Pitching for New Jersey Devils : RHP Justin Vallis
Batting: RHB John Barton 0-0: Ball
1-0: Ball
2-0: Ball
3-0: Called Strike
3-1: Base on Balls
Pitching: RHP Rob Fennell
Batting: RHB Jorge Lebron 0-0: Foul Ball, location: 2F
0-1: Ball
1-1: SINGLE (Groundball, 34S, EV 65.6 MPH) (infield hit)
John Barton to second
Batting: RHB António Scarlett 0-0: Ball
1-0: DOUBLE (Flyball, 78D, EV 111.9 MPH)
John Barton scores
Jorge Lebron to third
Batting: RHB Yankel Pensak 0-0: Intentional Walk
Batting: LHB Jose Peralez 0-0: Called Strike
0-1: Foul Ball, location: 2F
0-2: Foul Ball, location: 2F
0-2: Ball
1-2: Fly out, F6 (Popup, 56S, EV 69.4 MPH)
Batting: LHB Duda Pinho 0-0: Ball
1-0: Grounds into fielders choice 3-2 (Groundball, 3, EV 100.6 MPH)
António Scarlett to third
Yankel Pensak to second
Batting: SHB Franklin Garza 0-0: Called Strike
0-1: Ball
1-1: SINGLE (Line Drive, 56D, EV 96.2 MPH)
António Scarlett scores
Yankel Pensak to third
Duda Pinho to second
Batting: RHB Dustin Bursell 0-0: Ball
1-0: SINGLE (Flyball, 9LS, EV 87.5 MPH)
Yankel Pensak scores
Duda Pinho to third
Franklin Garza to second
Runner from 3rd tries for Home, SAFE, throw by RF to home
Pitching: RHP Justin Williams
Batting: SHB Roderick Speed 0-0: Called Strike
0-1: Swinging Strike
0-2: Ball
1-2: Ball
2-2: Foul Ball, location: 2F
2-2: Strikes out swinging
Bottom of the 8th over - 4 runs, 4 hits, 0 errors, 2 left on base; New Jersey 1 - Detroit 4
TOP OF THE 9TH
New Jersey Devils batting - Pitching for Detroit Red Wings : RHP Ramiro Silva
Batting: RHB Warren Carmichael 0-0: Called Strike
0-1: Foul Ball, location: 2F
0-2: Ball
1-2: Ball
2-2: Ground out 6-3 (Groundball, 6, EV 81.9 MPH)
Pinch Hitting: SHB Alex Cavazos 0-0: Ball
1-0: DOUBLE (Line Drive, 7LD, EV 102.5 MPH)
Pinch Hitting: RHB Bill Crogan 0-0: Ball
1-0: Foul Ball, location: 2F
1-1: Ball
2-1: Ball
3-1: Swinging Strike
3-2: Fly out, F7 (Flyball, 7D, EV 100.6 MPH)
Pinch Hitting: RHB John Carpenter 0-0: Ball
1-0: Called Strike
1-1: Swinging Strike
1-2: Strikes out swinging
Top of the 9th over - 0 runs, 1 hit, 0 errors, 1 left on base; New Jersey 1 - Detroit 4
Sunday, July 16th , 2023 - OOTP Baseball 24.6 Build 69